 Dungeon Crawl Stone Soup version 0.30-a0-459-g9104f0fc43 (webtiles) character file.

Game seed: 5631600613125172334

7277 funkygono the Thaumaturge (level 10, -7/66 HPs)
             Began as a Demonspawn Fire Elementalist on Dec 15, 2022.
             Was a Follower of Vehumet.
             Mangled by Grum
             ... wielding a +1 spear
              (20 damage)
             ... on level 10 of the Dungeon.
             The game lasted 00:20:47 (10129 turns).

funkygono the Thaumaturge (DsFE)                   Turns: 10129, Time: 00:20:47

Health: -7/66      AC: 10    Str:  8    XL:     10   Next: 89%
Magic:  33/33      EV: 19    Int: 22    God:    Vehumet [*.....]
Gold:   1580       SH:  0    Dex: 19    Spells: 17/29 levels left

rFire   . . .      SeeInvis +    J - +4 scimitar
rCold   . . .      Faith    .    (no shield)
rNeg    . . .      Spirit   .    D - +0 steam dragon scales
rPois   +          Reflect  .    N - +1 helmet
rElec   .          Harm     .    w - scarf {repulsion}
rCorr   .          Rampage  .    r - +0 pair of gloves
Will    .....                    q - +1 pair of boots
Stlth   ++........               (no amulet)
HPRegen 0.31/turn                u - +6 ring of dexterity
MPRegen 0.46/turn                F - ring "Yluyb" {Drain Fly rPois MP+9 SInv}

@: agile, flying, slowed, repel missiles, very slow
A: powered by pain 1, magic regeneration, demonic touch 1
a: Renounce Religion


You were on level 10 of the Dungeon.
You worshipped Vehumet.
Vehumet was aware of your devotion.
You visited 2 branches of the dungeon, and saw 11 of its levels.
You also visited: Bailey.

You collected 1580 gold pieces.

Inventory:

Hand Weapons
 i - a +0 whip
 l - a +1 dagger of electrocution
 y - a +0 vorpal falchion
 C - a +3 morningstar
 J - a +4 scimitar (weapon)
Armour
 q - a +1 pair of boots (worn)
 r - a +0 pair of gloves (worn)
 w - a scarf of repulsion (worn)
 x - the +1 ring mail of Crawling {rN++}
   (You took it off an orc on level 5 of the Dungeon)

   rN:        It greatly protects you from negative energy.
 D - +0 steam dragon scales (worn)
 M - the +1 robe "Kez Biluuf" {Harm rN++ Will+ Stlth+}
   (You took it off a goblin in a bailey)

   rN:        It greatly protects you from negative energy.
   Harm:      It increases damage dealt and taken.
   Will:      It increases your willpower.
   Stlth:     It makes you more stealthy.
 N - a +1 helmet (worn)
Jewellery
 u - a +6 ring of dexterity (left hand)
 F - the ring "Yluyb" (right hand) {Drain Fly rPois MP+9 SInv}
   (You found it on level 6 of the Dungeon)

   [ring of flight]

   rPois:     It protects you from poison.
   MP:        It affects your magic capacity (+9).
   SInv:      It lets you see invisible.
   Fly:       It grants you flight.
   Drain:     It drains your maximum health when unequipped.
 K - a ring of fire
Wands
 o - a wand of digging (4)
 z - a wand of iceblast (17)
 G - a wand of acid (7)
 O - a wand of polymorph (3)
Scrolls
 a - 3 scrolls of fog
 g - 3 scrolls of teleportation
 h - 2 scrolls of poison
 t - 3 scrolls of magic mapping
 E - 2 scrolls of amnesia
Potions
 b - 4 potions of magic
 d - 4 potions of heal wounds
 e - 7 potions of curing
 f - a potion of resistance
 k - a potion of brilliance
 H - a potion of haste
 P - a potion of invisibility {unknown}
 Q - a potion of mutation {unknown}


   Skills:
 + Level 1.4 Fighting
 + Level 0.1(0.2) Short Blades
 + Level 0.3(0.4) Long Blades
 + Level 0.4 Maces & Flails
 + Level 3.8 Dodging
 - Level 1.7 Stealth
 + Level 10.1 Spellcasting
 + Level 7.3 Conjurations
 + Level 9.4 Fire Magic


You had 17 spell levels left.
You knew the following spells:

 Your Spells              Type           Power      Damage    Failure   Level
a - Foxfire               Conj/Fire      100%       2x1d9     1%          1
b - Scorch                Fire           100%       2d10      1%          2
c - Kindle Blastsparks    Fire/Tloc/Air  48%        2d14      4%          3
d - Flame Wave            Conj/Fire      48%        2d12      1%          4
e - Sting                 Tmut/Pois      44%        1d5       6%          1
f - Sandblast             Erth           22%        2d7       6%          1

Your spell library contained the following spells:

 Spells                   Type           Power      Damage    Failure   Level
 Inner Flame              Hex/Fire       31%        N/A       2%          3
 Hailstorm                Conj/Ice       27%        3d7       4%          3
 Ignite Poison            Fire/Tmut/Pois 24%        N/A       4%          3
 Beastly Appendage        Tmut           22%        N/A       6%          1
 Freeze                   Ice            44%        1d6       6%          1
 Mephitic Cloud           Conj/Pois/Air  21%        N/A       7%          3
 Frozen Ramparts          Ice            22%        1d4       19%         3
 Manifold Assault         Tloc           11%        N/A       52%         4
 Freezing Cloud           Conj/Ice/Air   10%        6-21      52%         5
 Alistair's Intoxication  Tmut/Pois      7%         N/A       86%         5
 Orb of Destruction       Conj           21%        9d8       94%         7
 Dispersal                Tloc           5%         N/A       100%        6
 Spellforged Servitor     Conj/Summ      13%        N/A       100%        7
 Disjunction              Tloc           5%         N/A       100%        8


Dungeon Overview and Level Annotations

Branches:
Dungeon (10/15)            Temple (1/1) D:5            Lair (0/5) D:9
 Bailey (visited)
    Orc: D:9-12

Altars:
Ashenzari
Cheibriados
Dithmenos
Fedhas
Gozag
Hepliaklqana
Kikubaaqudgha
Makhleb
Nemelex Xobeh
Okawaru
Qazlal
Ru
Sif Muna
Trog
Uskayaw
Vehumet
Wu Jian
Yredelemnul
Ignis

Shops:
D:1 =   D:3 (

Annotations:
D:10 Grum


Innate Abilities, Weirdness & Mutations

You sometimes gain a little power by taking damage.
You regenerate magic rapidly.
Your touch may inflict minor irresistible damage on your foes.


Message History

The flame wave engulfs the hornet.
The hornet is heavily wounded.
You finish channelling waves of flame.
The wolf closely misses you. The hornet stings you!
You focus on the pain.
You feel your power returning.
You feel yourself slow down. The wolf misses you.
The troll bites you but does no damage. The troll completely misses you.
The troll barely misses you. The hornet barely misses you.
Casting: Flame Wave (dangerous; 1% risk of failure)
Confirm with . or Enter, or press ? or * to list all spells.
Casting: Flame Wave (dangerous; 1% risk of failure)
Press: ? - help, Dir - look around, f - activate A wave of flame ripples out!
The flame wave engulfs the troll!
You kill the troll!
Vehumet accepts your kill.
The flame wave engulfs the wolf.
You kill the wolf!
Vehumet accepts your kill.
The flame wave engulfs the hornet!
The hornet is almost dead. (Press . to intensify the flame waves.)
The hornet stings you! The wolf completely misses you. The hornet misses you.
The wolf closely misses you.
A wave of flame ripples out!
The flame wave engulfs the wolf!
The wolf is severely wounded.
The flame wave engulfs the wolf!
The wolf is moderately wounded.
The flame wave engulfs the hornet.
The hornet is almost dead.
The flame wave engulfs the wolf!
The wolf is severely wounded.
The flame wave engulfs Grum.
Grum is lightly wounded.
You feel yourself speed up.
You hear a shout!
Grum closely misses you. The hornet stings you!
You focus on the pain.
You feel your power returning.
You feel yourself slow down. The wolf bites you but does no damage.
The wolf bites you!
* * * LOW HITPOINT WARNING * * *
Grum hits you from afar with a +1 spear!!
You die...

#.......#
#.......#
#......#
#......#
#......#
#h.g...#
#hy....##
#@h......
####.....
... .


You could see Grum (fast), a hornet and 3 wolves.

Vanquished Creatures
  A two-headed ogre (D:9)
  An orc knight (Bailey)
  Maggie (D:7)
  A troll (D:10)
  A wraith (D:9)
  4 wyverns
  7 yaks
  2 wargs (D:9)
  10 orc warriors
  An ice beast (D:5)
  A sky beast (D:7)
  2 centaurs
  A wolf (D:10)
  2 ogres
  2 bullfrogs
  3 necrophages
  3 scorpions
  13 wights
  4 killer bees (D:8)
  6 howler monkeys
  A jelly (D:6)
  4 orc priests
  2 hounds
  2 iguanas
  8 orc wizards
  4 gnolls (D:6)
  5 adders
  4 white imps
  2 worms (D:2)
  2 dart slugs
  44 orcs
  3 endoplasms
  4 giant cockroaches
  13 goblins
  5 hobgoblins
  3 jackals (D:1)
  2 quokkas
  4 ball pythons
  3 bats (D:1)
  A frilled lizard (D:1)
  18 kobolds
  5 rats
  9 bushes (D:9)
214 creatures vanquished.

Vanquished Creatures (collateral kills)
  34 foxfires (D:9)
34 creatures vanquished.

Vanquished Creatures (others)
  715 foxfires
  2 plants (D:9)
717 creatures vanquished.

Grand Total: 965 creatures vanquished

Notes
Turn   | Place    | Note
-------+----------+-------------------------------------------
     0 | D:1      | funkygono the Demonspawn Fire Elementalist began the quest
                  | for the Orb.
     0 | D:1      | Reached XP level 1. HP: 13/13 MP: 3/3
    19 | D:1      | Found Urainniss's Jewellery Shoppe.
   526 | D:1      | Gained mutation: You regenerate magic rapidly. [demonic
                  | ancestry]
   526 | D:1      | Reached XP level 2. HP: 19/19 MP: 1/5
   532 | D:1      | Learned a level 2 spell: Scorch
  1096 | D:2      | Reached XP level 3. HP: 24/24 MP: 1/6
  1100 | D:2      | Learned a level 3 spell: Kindle Blastsparks
  1378 | D:2      | Found a basalt altar of Yredelemnul.
  1681 | D:3      | Found Peedghos's Antique Weapon Shoppe.
  1733 | D:3      | Found a faded altar of an unknown god.
  1781 | D:3      | Noticed a great orb of eyes
  1782 | D:3      | Noticed a golden eye
  1788 | D:3      | Noticed a floating eye
  1797 | D:3      | Noticed a floating eye
  2038 | D:3      | Found a stormy altar of Qazlal.
  2072 | D:3      | Found a broken altar of Ashenzari.
  2277 | D:3      | Found a basalt altar of Yredelemnul.
  2280 | D:3      | Noticed a profane servitor
  2296 | D:3      | Noticed an angel
  2919 | D:4      | Gained mutation: Your touch may inflict minor irresistible
                  | damage on your foes. [demonic ancestry]
  2919 | D:4      | Reached XP level 4. HP: 30/30 MP: 4/7
  3362 | D:4      | Noticed a scorpion
  3369 | D:4      | Killed a scorpion
  3370 | D:4      | Reached skill level 3 in Spellcasting
  3370 | D:4      | Reached XP level 5. HP: 29/35 MP: 0/9
  3422 | D:4      | Learned a level 4 spell: Flame Wave
  3826 | D:5      | Entered Level 5 of the Dungeon
  3868 | D:5      | Reached XP level 6. HP: 41/41 MP: 3/11
  3988 | D:5      | Identified the +1 ring mail of Crawling {rN++}
  4074 | D:5      | Reached skill level 4 in Spellcasting
  4215 | D:5      | Noticed an ice beast
  4226 | D:5      | Killed an ice beast
  4227 | D:5      | Reached XP level 7. HP: 47/47 MP: 13/13
  4377 | D:5      | Found a staircase to the Ecumenical Temple.
  4415 | Temple   | Entered the Ecumenical Temple
  5096 | D:6      | Reached skill level 5 in Spellcasting
  5102 | D:6      | Reached skill level 5 in Fire Magic
  5377 | D:6      | Reached skill level 1 in Fighting
  5544 | D:6      | Reached XP level 8. HP: 54/54 MP: 16/16
  5604 | D:6      | Reached skill level 6 in Spellcasting
  5879 | D:6      | Identified the ring "Yluyb" {Drain Fly rPois MP+9 SInv}
  6083 | D:7      | Noticed Maggie
  6094 | D:7      | Killed Maggie
  6384 | D:7      | Reached skill level 5 in Conjurations
  6438 | D:7      | Found a bloodstained altar of Trog.
  6628 | D:7      | Reached skill level 7 in Spellcasting
  6638 | D:7      | Reached XP level 9. HP: 59/59 MP: 19/19
  7154 | D:7      | Found an opulent altar of Gozag.
  7606 | D:8      | Found a flagged portal.
  7627 | Bailey   | Entered a bailey
  7638 | Bailey   | Noticed an orc knight
  7914 | Bailey   | Killed an orc knight
  7915 | Bailey   | Reached skill level 8 in Spellcasting
  8037 | Bailey   | Identified the +1 robe "Kez Biluuf" {Harm rN++ Will+
                  | Stlth+}
  8147 | Bailey   | Got the Almanac of Evolution and Venin
  8345 | D:8      | Got Vehumet's Meditations on Septic Bolts
  8348 | D:8      | Learned a level 1 spell: Sting
  8383 | D:8      | Gained mutation: You sometimes gain a little power by
                  | taking damage. [demonic ancestry]
  8383 | D:8      | Reached XP level 10. HP: 46/65 MP: 12/22
  8589 | D:8      | Reached skill level 9 in Spellcasting
  8707 | D:8      | Found a radiant altar of Vehumet.
  8714 | D:8      | Became a worshipper of Vehumet
  9038 | D:9      | Found a blossoming altar of Fedhas.
  9314 | D:9      | Noticed a two-headed ogre
  9323 | D:9      | Killed a two-headed ogre
  9709 | D:9      | Found a staircase to the Lair.
  9723 | D:9      | Reached * piety under Vehumet
  9723 | D:9      | Offered knowledge of Sandblast by Vehumet.
  9895 | D:9      | Learned a level 1 spell: Sandblast
 10081 | D:10     | Entered Level 10 of the Dungeon
 10086 | D:10     | Reached skill level 10 in Spellcasting
 10124 | D:10     | Noticed Grum
 10129 | D:10     | Mangled by Grum

Illustrated notes

Levels and vault maps discovered:
D:1:      sevenhm_arrival_forest_fort_small_4, layout_loops_corners,
          serial_shops, shop, hangedman_abyss_or_decor_lesser_grid
D:2:      layout_loops_cross, basic_altar
D:3:      layout_loops_ring, grunt_temple_overflow_holy_war,
          nicolae_qazlal_scattered_showers, ashenzari_conservatory_becter,
          hellmonk_ecumenical_altar_watching_god, serial_shops,
          nicolae_shop_overgrown_old_shop, palyth_stone_intersect,
          serial_bayou_pond_d
D:4:      layout_basic, hangedman_abyss_or_decor_passed, grunt_decor_one_mirror,
          minmay_box_of_dots
D:5:      layout_loops_ring, minmay_temple_entry_tees
D:6:      layout_basic, st_stairs_4
D:7:      layout_layer_cave, mainiacjoe_overflow_cross_hatched,
          grunt_temple_overflow_gold_and_silver, nrook_campfire, chequers_jeans,
          uniq_maggie
D:8:      layout_rooms, mainiacjoe_overflow_six_doors_small, enter_bailey_3,
          kennysheep_generic_room_15
D:9:      layout_rooms, fedhas_bush_and_centaur_altar, erik_lair_orcish_takeover
D:10:     layout_rooms, amcnicky_altar_gilded, kennysheep_opposing_triangles,
          uniq_urug, uniq_grum
Temple:   pdpol_scorched_temple

Skill      XL: |  1  2  3  4  5  6  7  8  9 10 |
---------------+-------------------------------+-----
Fire Magic     | 3 4 5 6 8 9 |  9.4
Conjurations   | 2 3 4 5 6 7 |  7.3
Spellcasting   | 3 4 5 7 8 10 | 10.1
Dodging        | 2 3 |  3.8
Fighting       | 1 |  1.4
Short Blades   | |  0.1
Long Blades    | |  0.3
Maces & Flails | |  0.4
Stealth        | |  1.7

Action                   |  1- 3 |  4- 6 |  7- 9 | 10-12 || total
-------------------------+-------+-------+-------+-------++-------
Melee: Club              |     2 |       |       |       ||     2
       Whip              |     3 |       |       |       ||     3
       Dagger            |     3 |     2 |     5 |       ||    10
       Touch             |       |     1 |     1 |     1 ||     3
       Punch             |       |     1 |       |       ||     1
       Falchion          |       |       |     6 |       ||     6
       Morningstar       |       |       |     4 |       ||     4
       Scimitar          |       |       |       |     4 ||     4
 Cast: Foxfire           |    63 |    50 |   205 |   114 ||   432
       Scorch            |     3 |    13 |    54 |    23 ||    93
       Flame Wave        |       |       |     7 |    10 ||    17
  Use: Scroll            |     8 |       |     9 |     3 ||    20
Armor: Robe              |     4 |     1 |     4 |       ||     9
       Steam dragon scal |       |       |     9 |    11 ||    20
Dodge: Dodged            |    11 |     9 |    52 |    50 ||   122
       Repelled          |       |       |     1 |       ||     1

Table legend: (Time is in decaauts)
 A = Elapsed time spent in this place.
 B = Non-inter-level travel time spent in this place.
 C = Inter-level travel time spent in this place.
 D = Time resting spent in this place.
 E = Time spent auto-exploring this place.
 F = Levels seen in this place.
 G = Mean time per level.
                   A        B        C        D        E       F      G
               +--------+--------+--------+--------+--------+-----+--------+
         Total |  10146 |   9697 |    449 |    833 |   7127 |  12 |  845.5 |
       Dungeon |   9418 |   8975 |    443 |    555 |   6983 |  10 |  941.8 |
        Temple |     68 |     63 |      5 |      0 |     35 |   1 |   68.0 |
        Bailey |    659 |    659 |      0 |    278 |    109 |   1 |  659.0 |
               +--------+--------+--------+--------+--------+-----+--------+

Top non-repeatable levels by time:
     D:7: 1473 daAuts
     D:1: 1270 daAuts
     D:6: 1047 daAuts
     D:5: 1040 daAuts
     D:4: 1017 daAuts
     D:9: 1009 daAuts
     D:8: 973 daAuts
     D:3: 888 daAuts
     D:2: 684 daAuts
  Bailey: 659 daAuts
  Temple: 68 daAuts
    D:10: 13 daAuts
